 Dungeon Crawl Stone Soup version 0.17.1-3-g152610e (webtiles) character file.

228 moxian the Shooter (level 5, -8/35 HPs)
             Began as a High Elf Hunter on Apr 17, 2016.
             Killed from afar by Ijyb (18 damage)
             ... with a wand of cold
             ... on level 3 of the Dungeon.
             The game lasted 00:16:48 (4470 turns).

moxian the Shooter (High Elf Hunter)                Turns: 4470, Time: 00:16:48

Health: -8/35      AC:  4    Str: 16    XL:     5   Next: 71%
Magic:  0/5        EV: 13    Int: 15    God:
Gold:   185        SH:  0    Dex: 15    Spells: 0 memorised, 4 levels left

rFire  . . .     SeeInvis .     y - +2 short sword (antimagic)
rCold  . . .     Clarity  .     c - +0 leather armour
rNeg   . . .     SustAt   .     (no shield)
rPois  .         Gourm    .     r - +1 hat
rElec  .         Spirit   +     (no cloak)
rCorr  .         Warding  .     (no gloves)
rMut   .         Stasis   .     (no boots)
MR     .....                    x - amulet of guardian spirit
Stlth  ++........               u - ring of magical power
                                s - +4 ring of strength

@: not resistant to hostile enchantments, unstealthy
A: no striking features
a: no special abilities


You were on level 3 of the Dungeon.
You were not hungry.

You visited 1 branch of the dungeon, and saw 3 of its levels.

You collected 185 gold pieces.

Inventory:

Hand Weapons
 a - a +1 shortbow
 b - a +0 short sword
 y - a +2 antimagic short sword (weapon)
Missiles
 d - 47 arrows
 j - 101 stones (quivered)
Armour
 c - a +0 leather armour (worn)
 r - a +1 hat (worn)
Jewellery
 s - a +4 ring of strength (left hand)
 u - a ring of magical power (right hand)
 x - an amulet of guardian spirit (around neck)
Scrolls
 m - 5 scrolls of identify {unknown}
 o - a scroll of amnesia {unknown}
 q - 2 scrolls of remove curse {unknown}
 v - a scroll of fear {unknown}
 w - a scroll of magic mapping {unknown}
Potions
 f - a potion of haste
 i - a potion of agility {unknown}
 k - a potion of magic {unknown}
 l - a potion of resistance {unknown}
 n - a potion of lignification {unknown}
 p - a potion of mutation {unknown}
 t - a potion of curing
Comestibles
 e - 4 bread rations
 g - 3 fruits


   Skills:
 + Level 2.7 Fighting
 * Level 3.0 Short Blades
 * Level 6.4 Bows
 - Level 1.0 Armour
 + Level 3.9 Dodging
 - Level 1.9 Stealth


You had 4 spell levels left.
You didn't know any spells.

Dungeon Overview and Level Annotations

Branches:
Dungeon (3/15)

Altars:
Trog

Annotations:
D:3 Ijyb


Message History

Ijyb closely misses you.
You hit Ijyb.
Ijyb is severely wounded.
You closely miss Ijyb.
Ijyb is severely wounded.
Ijyb hits you but does no damage.
You closely miss Ijyb.
Ijyb is severely wounded.
Ijyb zaps a wand.
The bolt of cold hits you!
It is a wand of cold.
You barely miss Ijyb.
Ijyb is severely wounded.
Ijyb barely misses you.
You barely miss Ijyb.
Ijyb is severely wounded.
Ijyb zaps a wand.
The bolt of cold hits you!
* * * LOW HITPOINT WARNING * * *
You are too injured to fight recklessly!
Ijyb zaps a wand.
The bolt of cold hits you!
Ouch! That really hurt!
You die...

..#..............# #.#
........#.##.....# #.#
##..##..#.##.....# ##.#
#..#........##### #..#
#..#.#.#.#### #.##
#..#.#.#.# ######## #.#
#........# #......# #.#
####.########g####.###.#
#. .........@.......#
##########.####.#####
#.# #.# #.. ..# ### ####
### ..# #.# #.#


You could see Ijyb.

Vanquished Creatures
  2 orc priests
  An orc wizard (D:2)
  Robin (D:3)
  4 adders
  2 oozes
  2 worms
  A giant gecko (D:3)
  3 orcs
  A ball python (D:3)
  5 giant cockroaches
  13 goblins
  13 hobgoblins
  5 jackals
  4 kobolds
  A quokka (D:2)
  9 bats
  3 giant newts
  7 rats
77 creatures vanquished.

Notes
Turn   | Place    | Note
--------------------------------------------------------------
     0 | D:1      | moxian the High Elf Hunter began the quest for the Orb.
     0 | D:1      | Reached XP level 1. HP: 14/14 MP: 2/2
   334 | D:1      | Reached XP level 2. HP: 14/19 MP: 3/3
  1041 | D:2      | Reached skill level 1 in Short Blades
  1194 | D:2      | Reached XP level 3. HP: 17/24 MP: 4/4
  1853 | D:2      | Found a bloodstained altar of Trog.
  2633 | D:3      | Reached skill level 1 in Armour
  2633 | D:3      | Reached XP level 4. HP: 24/29 MP: 5/5
  2984 | D:2      | HP: 1/29 [orc priest/divine providence (14)]
  3180 | D:2      | Reached skill level 6 in Bows
  3180 | D:2      | Reached XP level 5. HP: 30/34 MP: 6/6
  3800 | D:3      | Noticed Robin
  3804 | D:3      | Killed Robin
  4462 | D:3      | Noticed Ijyb
  4470 | D:3      | Killed from afar by Ijyb

Action                   |  1- 3 |  4- 6 || total
-------------------------+-------+-------++-------
Melee: Short sword       |   188 |   178 ||   366
 Fire: Shortbow          |       |    54 ||    54
Throw: Stone             |     3 |    18 ||    21
  Use: Potion            |       |     6 ||     6
 Stab: Sleeping          |     8 |     1 ||     9
  Eat: Chunk             |     5 |     7 ||    12
